 Dungeon Crawl Stone Soup version 0.19.5 (webtiles) character file.

490240 Sneal the Hoplite (level 23, -7/209 HPs)
             Began as a Minotaur Fighter on Apr 12, 2017.
             Was the Champion of Trog.
             Mangled by a spriggan defender
             ... wielding a +5 quick blade
             ... led by the Enchantress
              (19 damage)
             ... on level 1 of the Depths on Apr 19, 2017.
             The game lasted 08:47:50 (63233 turns).

Sneal the Hoplite (Minotaur Fighter)               Turns: 63233, Time: 08:47:52

Health: -7/209     AC: 30    Str: 28    XL:     23   Next: 86%
Magic:  0/31       EV: 23    Int:  9    God:    Trog [******]
Gold:   2006       SH: 24    Dex: 15    Spells: 0 memorised, 22 levels left

rFire  + . .     SeeInvis .     a - +8 broad axe (flame)
rCold  . . .     Gourm    .     B - +2 plate armour of Otolenax {Int+2 Dex+4}
rNeg   . . .     Faith    .     c - +5 shield
rPois  .         Spirit   +     j - +2 hat
rElec  .         Reflect  .     E - +2 cloak
rCorr  .         Harm     .     g - +2 pair of gloves of Honour {rF+ Int+2}
MR     .....     NoTele   +     (no boots)
Stlth  ..........               R - amulet of guardian spirit
                                w - +3 ring of slaying
                                u - +6 ring of evasion

@: vulnerable, cannot translocate, slowed, very slow
A: retaliatory headbutt, horns 2, blurry vision 1, clumsy 1
a: Berserk, Trog's Hand, Brothers in Arms, Burn Spellbooks, Renounce Religion
}: 2/15 runes: serpentine, barnacled


You were on level 1 of the Depths.
You worshipped Trog.
Trog was exalted by your worship.
You were hungry.

You visited 9 branches of the dungeon, and saw 42 of its levels.
You visited the Abyss 5 times.
You also visited: Sewer and Ice Cave.

You collected 4985 gold pieces.
You spent 2979 gold pieces at shops.

Inventory:

Hand Weapons
 a - a +8 broad axe of flaming (weapon)
 F - the +10 demon whip "Oddozimo" {venom, rPois Str-2 Dex+7 SInv}
   (Trog gifted it to you on level 3 of the Vaults)

   It poisons the flesh of those it strikes.
   It affects your strength (-2).
   It affects your dexterity (+7).
   It protects you from poison.
   It lets you see invisible.
Missiles
 L - 12 steel javelins (quivered)
Armour
 c - a +5 shield (worn)
 g - the +2 pair of gloves of Honour (worn) {rF+ Int+2}
   (You bought it in a shop on level 2 of the Elven Halls)

   It affects your intelligence (+2).
   It protects you from fire.
 j - a +2 hat (worn)
 B - the +2 plate armour of Otolenax (worn) {Int+2 Dex+4}
   (You bought it in a shop on level 2 of the Snake Pit)

   It affects your intelligence (+2).
   It affects your dexterity (+4).
 E - a +2 cloak (worn)
Rods
 b - a +2 rod of ignition (14/14)
   (You found it on level 12 of the Dungeon)
Jewellery
 u - a +6 ring of evasion (left hand)
 w - a +3 ring of slaying (right hand)
 J - the ring "Patz" {rPois Str+2 Dex+7}
   (You bought it in a shop on level 1 of the Snake Pit)

   [ring of strength]

   It affects your strength (+2).
   It affects your dexterity (+7).
   It protects you from poison.
 M - the ring "Beqoupi" {rF+ rN+++ Str-4 Dex+3 Stlth-}
   (You took it off a deep elf death mage on level 3 of the Elven Halls)

   [ring of protection from fire]

   It affects your strength (-4).
   It affects your dexterity (+3).
   It protects you from fire.
   It renders you almost immune to negative energy.
   It makes you less stealthy.
 R - an amulet of guardian spirit (around neck)
Wands
 k - a wand of heal wounds (2/9)
 v - a wand of digging (16/24)
 x - a wand of hasting (2/9)
 A - a wand of lightning (3/15)
 K - a wand of disintegration (24/24)
Scrolls
 d - a scroll of summoning
 h - a scroll of enchant armour
 i - 26 scrolls of remove curse
 m - a scroll of identify
 q - 17 scrolls of teleportation
 r - a scroll of fear
 y - 2 scrolls of blinking
 C - a scroll of recharging
 D - 3 scrolls of magic mapping
Potions
 e - 3 potions of haste
 l - 5 potions of might
 n - a potion of heal wounds
 s - 9 potions of curing
 t - 8 potions of flight
Miscellaneous
 N - 3 phantom mirrors
 Q - a fan of gales (inert)
 V - a phial of floods
 Y - a lamp of fire
Comestibles
 f - 21 bread rations
 z - 9 fruits
 G - a meat ration


   Skills:
 + Level 18.3 Fighting
   Level 3.0 Long Blades
 * Level 25.2 Axes
   Level 1.2(1.3) Slings
 + Level 0.4(0.8) Throwing
 * Level 18.4 Armour
 * Level 14.9 Dodging
 + Level 2.2 Stealth
 * Level 26.2 Shields
 * Level 13.1 Evocations


You had 22 spell levels left.
You didn't know any spells.

Dungeon Overview and Level Annotations

Branches:
Dungeon (15/15)            Temple (1/1) D:4            Lair (6/6) D:10
 Shoals (4/4) Lair:4        Snake (4/4) Lair:3        Slime (0/5) Lair:5
    Orc (2/2) D:11            Elf (3/3) Orc:2        Vaults (5/5) D:13
  Crypt (0/3) Vaults:3     Depths (2/5) D:15

Altars:
Ashenzari
Cheibriados
Dithmenos
Elyvilon
Fedhas
Gozag
Hepliaklqana
Kikubaaqudgha
Makhleb
Nemelex Xobeh
Okawaru
Qazlal
Ru
Sif Muna
Trog
Uskayaw
Vehumet
Xom
Yredelemnul
Zin
The Shining One

Shops:
D:6 (*}*   D:13 :   D:15 *   Orc:2 *=([   Elf:1 [   Elf:2 [   Shoals:4 %[*=!
Snake:1 }=}   Snake:2 *   Snake:4 =   Depths:1 *}:   Depths:2 (

Portals:
Hell: Depths:1 Depths:2
Pandemonium: Depths:1

Annotations:
Depths:2 the Enchantress


Innate Abilities, Weirdness & Mutations

You reflexively headbutt those who attack you in melee.
You have a pair of horns on your head.
Scrolls take you a little longer to read.
You are clumsy. (Dex -2)


Message History

Something hits you but does no damage.
The spriggan defender hits you with an enchanted quick blade!
* * * LOW HITPOINT WARNING * * *
The fire giant shouts!
You climb upwards.
There is a stone staircase leading down here.
You feel much better. Something hits you.
* * * LOW HITPOINT WARNING * * *
Something freezes you.
* * * LOW HITPOINT WARNING * * *
The spriggan defender hits you with an enchanted quick blade!
* * * LOW HITPOINT WARNING * * *
You block the ice dragon's attack. The ice dragon misses you.
The ice dragon tramples you but does no damage.
The spriggan defender completely misses you.
You block something's attack. You block the ice dragon's attack.
The ice dragon claws you but does no damage.
The ice dragon misses you.
The spriggan defender hits you with an enchanted quick blade!!
You die...

.......≈≈≈≈≈...............## ##.
.......≈≈≈≈≈........≈≈≈.....###..
........≈≈≈........≈≈≈≈≈....[#...
...................≈≈≈≈≈.........
...................≈≈≈≈≈.........
....................≈≈≈..........
≈................................
≈≈............#D(................
≈≈...........###@................
≈≈.....#......#i.{...............
≈.....###....[.[.................
......>#.....................[...
.........................≈≈≈.[...
.......∩..........#.....≈≈≈≈≈....
.................###....≈≈≈≈≈...#
.[[...............#.....≈≈≈≈≈....
.........................≈≈≈.....


You could see an ice dragon and a spriggan defender.

Vanquished Creatures
  Mara (Vaults:2)
  Boris (Vaults:2)
  Jory (Vaults:2)
  Nikola (Shoals:4)
  A bone dragon (Abyss:3)
  A Hell Sentinel (Abyss:2)
  Jorgrun (Snake:2)
  3 liches
  3 deep elf master archers (Elf:3)
  3 deep elf blademasters (Elf:3)
  Polyphemus (Shoals:3)
  A sphinx (Vaults:4)
  5 tentacled starspawn
  Gastronok (D:11)
  Agnes (D:15)
  A storm dragon (D:13)
  Kirke (D:15)
  Donald (Vaults:2)
  A shadow dragon (Vaults:4)
  4 tengu reavers
  2 fire giants
  9 nagarajas
  Ilsuiw (Shoals:4)
  3 frost giants
  9 deep elf sorcerers
  The ghost of raetorn the Fighter, an adept GrGl of Qazlal (Elf:2)
  11 vault wardens
  An orc warlord (Orc:2)
  A cacodemon (Abyss:2)
  4 deep elf elementalists (Elf:3)
  7 very ugly things
  16 ironheart preservers
  An entropy weaver (shapeshifter) (Vaults:3)
  2 war gargoyles (Vaults:3)
  6 stone giants
  3 entropy weavers
  Nessos (Lair:4)
  3 deep elf demonologists
  Azrael (D:15)
  6 dire elephants (Lair:6)
  6 deep elf annihilators
  5 spark wasps (Depths:1)
  A lorocyproca (Abyss:2)
  8 ettins
  An eidolon (Abyss:2)
  6 merfolk javelineers
  2 deep elf death magi
  8 fire dragons
  4 deep elf high priests (Elf:3)
  2 great orbs of eyes (Vaults:1)
  7 merfolk impalers
  18 yaktaur captains
  29 vault guards
  5 ice dragons
  A rakshasa (Vaults:2)
  2 spriggan air magi (Depths:2)
  25 anacondas
  20 naga warriors
  8 hydras
  A catoblepas (Shoals:3)
  A hell beast (Depths:1)
  2 alligator snapping turtles
  2 death knights
  Erica (D:8)
  A merfolk avatar (Shoals:4)
  A satyr (Shoals:3)
  5 merfolk aquamancers (Shoals:4)
  31 dancing weapons
  3 tengu warriors
  8 centaur warriors
  9 death yaks
  3 deep troll shamans
  9 ogre magi
  19 naga sharpshooters
  A deep troll earth mage (Depths:1)
  A vampire mage (Depths:1)
  9 shock serpents
  A spriggan berserker (Depths:2)
  A titan zombie (Vaults:4)
  5 thrashing horrors
  A storm dragon zombie (Vaults:3)
  8 hell knights
  4 orc high priests (Orc:2)
  26 deep elf knights
  7 wretched stars
  2 sixfirhies (Abyss:2)
  A fire crab (shapeshifter) (Elf:2)
  6 unseen horrors
  A fire crab (D:13)
  5 skeletal warriors
  9 salamander mystics
  11 sea snakes
  An unseen horror (shapeshifter) (Depths:1)
  3 shadow wraiths
  15 deep trolls
  14 large abominations
  21 starcursed masses
  4 glowing orange brains
  4 lindwurms (Snake:4)
  13 hill giants
  2 flayed ghosts (Vaults:3)
  20 harpies
  The ghost of Peloso the Slasher, a novice MiFi (D:7)
  4 phantasmal warriors
  22 mana vipers
  10 naga ritualists
  A tengu zombie (Vaults:4)
  13 deep elf archers
  6 wizards
  4 human zombies (Vaults:4)
  20 orc knights
  9 ironbrand convokers
  7 wolf spiders
  9 orc sorcerers
  26 ugly things
  5 necromancers
  8 cyclopes
  59 deep elf magi
  17 manticores
  An oklob plant (Lair:6)
  4 fauns (Shoals:3)
  A worldbinder (Abyss:3)
  11 elephants
  6 sirens (Shoals:4)
  2 stone giant zombies
  17 salamanders
  Joseph (D:8)
  A frost giant skeleton (Vaults:4)
  A black mamba (shapeshifter) (Depths:2)
  59 black mambas
  7 guardian serpents
  2 apocalypse crabs
  4 gargoyles
  4 centaur zombies
  23 naga magi
  5 water nymphs
  8 spiny frogs
  Psyche (D:10)
  2 rust devils
  2 centaur skeletons
  13 vault sentinels
  6 smoke demons
  38 yaktaurs
  A yaktaur (shapeshifter) (Vaults:3)
  7 komodo dragons
  2 rime drakes
  2 kobold demonologists (D:12)
  An ice devil (Depths:1)
  2 efreet
  A hellwing (Depths:1)
  16 freezing wraiths
  3 ancient zymes (Abyss:2)
  A rime drake (shapeshifter) (Vaults:3)
  A human skeleton (Vaults:3)
  2 tengu conjurers
  A yaktaur skeleton (Vaults:3)
  A harpy zombie (D:14)
  A jumping spider (shapeshifter) (Vaults:4)
  9 trolls
  A hornet (shapeshifter) (Abyss:2)
  21 two-headed ogres
  A polar bear (shapeshifter) (Vaults:3)
  2 red devils (Depths:1)
  36 merfolk
  8 wind drakes
  A raiju (Abyss:2)
  2 hornets
  22 slime creatures
  26 blink frogs
  A wolf spider simulacrum (IceCv)
  A sphinx simulacrum (Vaults:1)
  2 ettin zombies
  15 hippogriffs
  8 snapping turtles
  8 flying skulls
  4 wraiths
  A spriggan (D:10)
  2 shadows
  9 redbacks
  A tarantella (Vaults:2)
  An ettin skeleton (Vaults:3)
  2 tarantellas (shapeshifter)
  3 wyverns
  A spriggan (shapeshifter) (D:13)
  A ynoxinul (Abyss:2)
  3 air elementals
  9 fire elementals
  17 water elementals
  The ghost of crossborder the Chopper, an amateur HOBe of Beogh (D:3)
  4 hogs (D:15)
  45 yaks
  2 steam dragons
  A basilisk (shapeshifter) (Vaults:1)
  5 basilisks
  A neqoxec (Abyss:2)
  6 hungry ghosts
  4 chaos spawn
  A death yak simulacrum (IceCv)
  5 mottled dragons
  3 vampire mosquitoes (D:12)
  10 insubstantial wisps (Depths:1)
  A deep troll zombie (Vaults:3)
  53 nagas
  9 wargs
  2 hell hounds (D:15)
  27 water moccasins
  A soldier ant (shapeshifter) (D:13)
  8 porcupines
  Duvessa (D:4)
  A deep troll skeleton (Vaults:4)
  45 orc warriors
  5 sky beasts
  14 ice beasts
  A black bear (shapeshifter) (Vaults:4)
  A hornet zombie (D:6)
  3 black bears
  An alligator simulacrum (Abyss:2)
  12 boggarts
  2 phantoms
  A necrophage (D:6)
  An eye of draining (shapeshifter) (D:15)
  An eye of draining (Abyss:2)
  39 ogres
  7 wolves
  24 centaurs
  19 crocodiles
  8 big kobolds
  An earth elemental (Elf:2)
  A big kobold (shapeshifter) (Vaults:3)
  27 bullfrogs
  A water moccasin zombie (D:6)
  2 glowing shapeshifter simulacra (Vaults:3)
  An elephant simulacrum (IceCv)
  A water moccasin skeleton (D:9)
  Dowan (D:4)
  5 scorpions
  4 killer bees
  17 small abominations
  2 electric eels
  17 wights
  2 howler monkeys
  10 crimson imps
  3 draconian simulacra (IceCv)
  3 human simulacra
  5 quasits
  A bullfrog zombie (D:10)
  2 bullfrog skeletons
  8 hounds
  23 orc priests
  4 jellies
  20 orc wizards
  An iron imp (Abyss:2)
  4 iguanas
  A spriggan simulacrum (IceCv)
  8 worker ants
  4 troll simulacra (IceCv)
  A polar bear simulacrum (IceCv)
  A hound skeleton (D:4)
  A howler monkey zombie (D:8)
  3 worker ant zombies
  9 adders
  A howler monkey skeleton (D:7)
  A river rat (Sewer)
  A naga simulacrum (IceCv)
  4 shadow imps
  24 white imps
  2 ufetubi (Abyss:2)
  An ooze (D:4)
  2 adder skeletons
  3 worms
  6 leopard geckos
  87 orcs
  4 ball pythons
  3 bat zombies (D:5)
  4 giant cockroaches
  8 goblins
  7 hobgoblins
  12 jackals
  A quokka (D:10)
  5 bats
  5 frilled lizards
  A jackal skeleton (D:4)
  46 kobolds
  2 quokka zombies
  8 rats
  A bush (Shoals:2)
  14 fungi
  19 plants
  2 starspawn tentacles
2114 creatures vanquished.

Vanquished Creatures (collateral kills)
  A vault warden (Vaults:5)
  A salamander mystic (Snake:4)
  A salamander (Snake:4)
  A black mamba (Snake:4)
  A yaktaur (Vaults:5)
  A naga (Snake:4)
6 creatures vanquished.

Vanquished Creatures (others)
  A merfolk aquamancer (Shoals:4)
  2 humans (D:15)
  A small abomination (Abyss:3)
  An adder (D:7)
  3 ball lightnings (Depths:1)
  9 fungi
  A lurking horror (Abyss:2)
  15 plants
  10 starspawn tentacles
43 creatures vanquished.

Grand Total: 2163 creatures vanquished

Notes
Turn   | Place    | Note
-------+----------+-------------------------------------------
     0 | D:1      | Sneal the Minotaur Fighter began the quest for the Orb.
     0 | D:1      | Reached XP level 1. HP: 19/19 MP: 0/0
   239 | D:1      | Reached XP level 2. HP: 26/27 MP: 1/1
   452 | D:1      | Reached skill level 4 in Shields
   864 | D:2      | Reached XP level 3. HP: 30/33 MP: 2/2
  1467 | D:3      | Found a shimmering altar of Xom.
  1568 | D:3      | Noticed crossborder's ghost (amateur HOBe)
  1576 | D:3      | Killed crossborder's ghost
  1576 | D:3      | Reached skill level 5 in Axes
  1576 | D:3      | Reached XP level 4. HP: 29/40 MP: 3/3
  1576 | D:3      | Reached XP level 5. HP: 34/46 MP: 4/4
  1680 | D:3      | Found a glowing drain.
  1685 | Sewer    | Entered a sewer
  1692 | Sewer    | Reached skill level 5 in Shields
  1759 | Sewer    | Reached XP level 6. HP: 47/52 MP: 5/5
  1941 | Sewer    | Found a white marble altar of Elyvilon.
  2205 | D:3      | Noticed a sky beast
  2219 | D:3      | Killed a sky beast
  2543 | D:4      | Found a staircase to the Ecumenical Temple.
  2557 | Temple   | Entered the Ecumenical Temple
  2604 | Temple   | Became a worshipper of Trog the Wrathful
  2837 | D:4      | Reached XP level 7. HP: 60/60 MP: 6/6
  2991 | D:4      | Reached skill level 5 in Armour
  3065 | D:4      | Noticed Duvessa
  3065 | D:4      | Noticed Dowan
  3107 | D:5      | Entered Level 5 of the Dungeon
  3357 | D:4      | Reached skill level 1 in Dodging
  3493 | D:4      | Killed Dowan
  3495 | D:4      | Killed Duvessa
  3495 | D:4      | Reached XP level 8. HP: 50/67 MP: 7/7
  3595 | D:4      | Reached skill level 6 in Shields
  4173 | D:5      | Reached skill level 10 in Axes
  4373 | D:5      | Found an ancient bone altar of Kikubaaqudgha.
  4572 | D:5      | Found a burning altar of Makhleb.
  4688 | D:6      | Reached * piety under Trog
  4725 | D:6      | Found Vynomew's General Store.
  4763 | D:6      | Found Iffesued's Gadget Shop.
  4930 | D:6      | Reached skill level 5 in Fighting
  4966 | D:6      | Found Fodghy's General Store.
  5080 | D:6      | Found Vassouha's Weapon Emporium.
  5140 | D:6      | Reached XP level 9. HP: 51/74 MP: 8/8
  5684 | D:6      | Found an iron altar of Okawaru.
  5844 | D:7      | Noticed Peloso's ghost (novice MiFi)
  5867 | D:7      | Killed Peloso's ghost
  5867 | D:7      | Reached skill level 7 in Shields
  5872 | D:7      | Reached ** piety under Trog
  5879 | D:7      | Reached skill level 1 in Slings
  6430 | D:7      | Reached *** piety under Trog
  6538 | D:7      | Reached XP level 10. HP: 71/84 MP: 9/9
  6978 | D:7      | Reached skill level 8 in Shields
  7376 | D:8      | Noticed Joseph
  7391 | D:8      | Killed Joseph
  7560 | D:8      | Noticed Erica
  7569 | D:8      | Killed Erica
  7569 | D:8      | Reached **** piety under Trog
  8101 | D:9      | Found a sparkling altar of Nemelex Xobeh.
  8107 | D:9      | Found a deep blue altar of Sif Muna.
  8115 | D:9      | Found a stormy altar of Qazlal.
  8223 | D:9      | Reached skill level 9 in Shields
  8232 | D:9      | Found a hide-covered altar of Uskayaw.
  8346 | D:9      | Found an opulent altar of Gozag.
  8421 | D:9      | Found a deep blue altar of Sif Muna.
  8431 | D:9      | Reached XP level 11. HP: 94/94 MP: 10/10
  8630 | D:10     | Entered Level 10 of the Dungeon
  8745 | D:10     | Noticed a hill giant
  8758 | D:10     | Noticed a hill giant
  8761 | D:10     | Killed a hill giant
  8761 | D:10     | Received a gift from Trog
  8761 | D:10     | Reached skill level 15 in Axes
  8776 | D:10     | Killed a hill giant
  8848 | D:10     | Reached skill level 1 in Evocations
  8892 | D:10     | Killed an unseen horror
  9325 | D:10     | Noticed Psyche
  9343 | D:10     | Killed Psyche
  9371 | D:10     | Found a staircase to the Lair.
  9870 | Lair:1   | Entered Level 1 of the Lair of Beasts
 10287 | Lair:1   | Found a frozen archway.
 10354 | IceCv    | Entered an ice cave
 10494 | IceCv    | Reached ***** piety under Trog
 10494 | IceCv    | Reached skill level 10 in Shields
 10821 | IceCv    | Reached XP level 12. HP: 103/103 MP: 13/13
 10919 | IceCv    | Received a gift from Trog
 10963 | IceCv    | Found an ancient bone altar of Kikubaaqudgha.
 11842 | Lair:1   | Noticed a seven-headed hydra
 11853 | Lair:1   | Killed a four-headed hydra
 11853 | Lair:1   | Reached skill level 11 in Shields
 12200 | Lair:1   | Reached skill level 1 in Long Blades
 12561 | D:11     | Noticed Gastronok
 12573 | D:11     | Killed Gastronok
 12573 | D:11     | Reached skill level 10 in Armour
 13229 | D:11     | Reached skill level 12 in Shields
 13234 | D:11     | Reached skill level 5 in Dodging
 13264 | D:11     | Received a gift from Trog
 13276 | D:11     | Reached XP level 13. HP: 73/112 MP: 15/15
 13437 | D:11     | Found a staircase to the Orcish Mines.
 13612 | D:11     | You fall through a shaft!
 14326 | D:12     | Found a shattered altar of Ashenzari.
 14343 | D:12     | Reached skill level 10 in Fighting
 14746 | D:11     | Reached ****** piety under Trog
 14849 | D:12     | Received a gift from Trog
 15754 | Lair:2   | Reached skill level 5 in Evocations
 15960 | Lair:2   | Reached skill level 13 in Shields
 16765 | Lair:3   | Found a staircase to the Snake Pit.
 17184 | Lair:3   | Reached XP level 14. HP: 79/122 MP: 17/17
 17815 | Lair:1   | Identified a +0 rod of ignition (13/13) (You found it on level 12 of the Dungeon)
 17893 | Lair:3   | Received a gift from Trog
 18032 | Lair:4   | Found a staircase to the Shoals.
 18168 | Lair:4   | Noticed Nessos
 18611 | Lair:4   | Killed Nessos
 19107 | Lair:3   | Reached skill level 14 in Shields
 19202 | Orc:1    | Entered Level 1 of the Orcish Mines
 19660 | Orc:2    | Entered Level 2 of the Orcish Mines
 19736 | Orc:2    | Found a staircase to the Elven Halls.
 20173 | Orc:2    | Found Paaloukh's Antique Armour Emporium.
 20217 | Orc:2    | Bought a pair of runed gloves for 441 gold pieces
 20339 | Orc:2    | Found Exoeleen's General Store.
 20339 | Orc:2    | Noticed an orc warlord
 20406 | Orc:2    | Found Gacoe's Antique Weapon Boutique.
 20410 | Orc:2    | Received a gift from Trog
 20712 | Orc:2    | Killed an orc warlord
 21226 | Orc:2    | Found Xyaba's Jewellery Emporium.
 21626 | D:13     | Got a scorched long sword
 21851 | D:13     | Found a gate to the Vaults.
 21930 | D:13     | Found Ygiwkil's Book Shop.
 23105 | D:14     | Reached XP level 15. HP: 129/130 MP: 19/19
 23347 | D:14     | Got a bloodstained leather armour
 23723 | Lair:5   | Received a gift from Trog
 24122 | Lair:5   | Found a staircase to the Slime Pits.
 24130 | Lair:5   | Reached skill level 15 in Shields
 24293 | Lair:6   | Entered Level 6 of the Lair of Beasts
 24559 | Lair:6   | Found a deep blue altar of Sif Muna.
 25052 | Lair:6   | Reached skill level 1 in Stealth
 25942 | Snake:1  | Entered Level 1 of the Snake Pit
 26200 | Snake:1  | Reached skill level 16 in Shields
 26372 | Snake:1  | Found Ludule's Gadget Emporium.
 26373 | Snake:1  | Found Zeutz's Jewellery Boutique.
 26374 | Snake:1  | Found Tonesch's Gadget Emporium.
 26387 | Snake:1  | Bought a +3 ring of slaying for 720 gold pieces
 26387 | Snake:1  | Bought an uncursed ring of see invisible for 240 gold pieces
 26387 | Snake:1  | Bought the ring "Patz" {rPois Str+2 Dex+7} for 534 gold pieces
 26938 | Snake:1  | Received a gift from Trog
 27483 | Snake:2  | Found a bloodstained altar of Trog.
 27486 | Snake:2  | Noticed Jorgrun
 27500 | Snake:2  | Killed Jorgrun
 27500 | Snake:2  | Reached XP level 16. HP: 111/141 MP: 20/20
 27639 | Snake:2  | Reached skill level 17 in Shields
 28287 | Snake:2  | Received a gift from Trog
 28551 | Snake:2  | Found Urphuklep's Assorted Antiques.
 28884 | Snake:3  | Reached skill level 18 in Shields
 28895 | Snake:3  | Received a gift from Trog
 30625 | Snake:2  | Bought a pearl-encrusted plate armour for 756 gold pieces
 30625 | Snake:2  | Identified the +2 plate armour of Otolenax {Int+2 Dex+4} (You bought it in a shop on level 2 of the Snake Pit)
 30699 | Snake:4  | Entered Level 4 of the Snake Pit
 30711 | Snake:4  | Reached skill level 19 in Shields
 30946 | Snake:4  | Reached XP level 17. HP: 150/150 MP: 22/22
 30987 | Snake:4  | Found Gewnoh's Jewellery Shop.
 31239 | Snake:4  | Received a gift from Trog
 31239 | Snake:4  | Reached skill level 10 in Dodging
 31829 | Snake:4  | Reached skill level 20 in Shields
 32630 | Snake:4  | Received a gift from Trog
 33227 | Snake:4  | Reached skill level 15 in Armour
 33304 | Snake:4  | Reached skill level 21 in Shields
 33527 | Snake:4  | Reached XP level 18. HP: 93/160 MP: 24/24
 33824 | Snake:4  | Got a serpentine rune of Zot
 34070 | Lair:1   | Received a gift from Trog
 34224 | D:15     | Entered Level 15 of the Dungeon
 34385 | D:15     | Found Eleilosa's Assorted Antiques.
 34402 | D:15     | Noticed Kirke
 34406 | D:15     | Killed Kirke
 34516 | D:15     | Noticed Azrael
 34535 | D:15     | Killed Azrael
 34951 | D:15     | Noticed Agnes
 34963 | D:15     | Killed Agnes
 35059 | D:15     | Found a staircase to the Depths.
 35359 | Elf:1    | Entered Level 1 of the Elven Halls
 35798 | Elf:1    | Paralysed by an orc sorcerer for 3 turns
 35807 | Elf:1    | Reached skill level 10 in Evocations
 36269 | Elf:1    | Received a gift from Trog
 36685 | Elf:1    | Found Xoetiuha's Armour Shoppe.
 37078 | Elf:2    | Found an ancient bone altar of Kikubaaqudgha.
 37143 | Elf:2    | Found Fucsoat's Antique Armour Shop.
 37200 | Elf:2    | Received a gift from Trog
 37349 | Elf:2    | Cast into level 2 of the Abyss (a deep elf sorcerer)
 37349 | Abyss:2  | Found a corrupted altar of Lugonu.
 37384 | Abyss:2  | Paralysed by an apocalypse crab for 2 turns
 37387 | Elf:2    | Escaped the Abyss
 37480 | Elf:2    | Reached skill level 22 in Shields
 37746 | Elf:2    | Found a runed gate.
 37746 | Elf:2    | Found a runed gate.
 37746 | Elf:2    | Found a runed gate.
 37761 | Elf:2    | Reached XP level 19. HP: 169/169 MP: 25/25
 37765 | Elf:2    | Noticed raetorn's ghost (adept GrGl)
 37785 | Elf:2    | Killed raetorn's ghost
 38465 | Elf:2    | Reached skill level 15 in Fighting
 39154 | Shoals:1 | Entered Level 1 of the Shoals
 39616 | Shoals:1 | Received a gift from Trog
 40875 | Lair:1   | Identified a scroll of acquirement
 40878 | Lair:1   | Got a steaming cloak
 40879 | Lair:1   | Identified the +0 cloak "Nikod" {*Contam rF++ rN+} (You acquired it on level 1 of the Lair of Beasts)
 40986 | Vaults:1 | Entered Level 1 of the Vaults
 41499 | D:12     | Received a gift from Trog
 41565 | D:12     | Got a translucent pewter ring
 42670 | Vaults:1 | Received a gift from Trog
 42675 | Vaults:1 | Got a jewelled hand axe {god gift}
 42806 | Vaults:1 | Cast into level 2 of the Abyss (a wizard)
 43478 | Abyss:2  | Reached XP level 20. HP: 179/179 MP: 27/27
 43664 | Abyss:2  | Gained mutation: Scrolls take you a little longer to read. [a neqoxec]
 43673 | Vaults:1 | Escaped the Abyss
 43949 | Vaults:1 | Reached skill level 23 in Shields
 44274 | Vaults:1 | Received a gift from Trog
 45172 | Vaults:2 | Noticed Donald
 45172 | Vaults:2 | Noticed Jory
 45181 | Vaults:2 | Killed Donald
 45195 | Vaults:2 | Killed Jory
 45255 | Vaults:2 | Noticed Mara
 45263 | Vaults:2 | Noticed Sneal's illusion
 45280 | Vaults:2 | Killed Mara
 45522 | Vaults:2 | Noticed Boris
 45543 | Vaults:2 | Killed Boris
 45805 | Vaults:2 | Received a gift from Trog
 46667 | Lair:1   | Identified the ring "Opsues" {Ice MR+} (You found it on level 12 of the Dungeon)
 46910 | Vaults:3 | Cast into level 2 of the Abyss (a deep elf sorcerer)
 46915 | Abyss:2  | Found a corrupted altar of Lugonu.
 47190 | Abyss:2  | Gained mutation: You are clumsy. (Dex -2) [a cacodemon]
 47195 | Abyss:2  | Reached XP level 21. HP: 99/189 MP: 17/25
 47567 | Abyss:2  | Received a gift from Trog
 47604 | Abyss:3  | Found a shimmering altar of Xom.
 47719 | Vaults:3 | Escaped the Abyss
 48224 | Vaults:3 | Received a gift from Trog
 48282 | Vaults:3 | Reached skill level 24 in Shields
 48995 | Vaults:3 | Paralysed by an ogre mage for 2 turns
 49104 | Vaults:3 | Received a gift from Trog
 49107 | Vaults:3 | Got a scorched demon whip {god gift}
 49182 | Vaults:3 | Found a staircase to the Crypt.
 49182 | Vaults:3 | Found an ancient bone altar of Kikubaaqudgha.
 49183 | Vaults:3 | Found a basalt altar of Yredelemnul.
 50169 | Lair:1   | Identified the +10 demon whip "Oddozimo" {venom, rPois Str-2 Dex+7 SInv} (Trog gifted it to you on level 3 of the Vaults)
 51413 | Elf:2    | Bought a pair of faintly glowing gloves for 256 gold pieces
 52101 | Shoals:3 | Noticed Polyphemus
 52125 | Shoals:3 | Killed Polyphemus
 52125 | Shoals:3 | Received a gift from Trog
 52330 | Shoals:3 | Reached XP level 22. HP: 188/199 MP: 30/30
 52823 | Shoals:4 | Entered Level 4 of the Shoals
 52823 | Shoals:4 | Noticed Nikola
 52830 | Shoals:4 | Killed Nikola
 53325 | Shoals:4 | Noticed Ilsuiw
 53334 | Shoals:4 | Killed Ilsuiw
 53725 | Shoals:4 | Received a gift from Trog
 53780 | Shoals:4 | Got a barnacled rune of Zot
 53788 | Shoals:4 | Found Hawapin's General Store.
 53869 | Shoals:4 | Bought a scroll of identify for 32 gold pieces
 53871 | Shoals:4 | Identified the +2 pair of gloves of Honour {rF+ Int+2} (You bought it in a shop on level 2 of the Elven Halls)
 53902 | Shoals:4 | Found Juafeax's Food Shoppe.
 53902 | Shoals:4 | Found Koigahe's Armour Emporium.
 54127 | Shoals:4 | Found Zyneciosm's Jewellery Shop.
 54139 | Shoals:4 | Found Foepimo's Distillery.
 54888 | Vaults:4 | Reached skill level 25 in Shields
 55381 | Vaults:4 | Received a gift from Trog
 56516 | Vaults:5 | Entered Level 5 of the Vaults
 56959 | Elf:3    | Entered Level 3 of the Elven Halls
 57401 | Elf:3    | Received a gift from Trog
 57935 | Elf:3    | Cast into level 3 of the Abyss (a deep elf sorcerer)
 58266 | Elf:3    | Escaped the Abyss
 58271 | Elf:3    | Received a gift from Trog
 58271 | Elf:3    | Reached XP level 23. HP: 120/207 MP: 29/31
 58530 | Elf:3    | Got a faintly glowing shield
 58635 | Elf:3    | Got an ancient plate armour
 58987 | Elf:3    | Got a warped turquoise ring
 59075 | Elf:3    | Got a crystal arbalest
 59105 | Elf:3    | Cast into level 3 of the Abyss (a deep elf sorcerer)
 59111 | Abyss:3  | Found a corrupted altar of Lugonu.
 59149 | Abyss:4  | Found a corrupted altar of Lugonu.
 59166 | Elf:3    | Escaped the Abyss
 59261 | Elf:3    | Got an ancient plate armour
 59469 | Lair:1   | Identified the ring "Beqoupi" {rF+ rN+++ Str-4 Dex+3 Stlth-} (You took it off a deep elf death mage on level 3 of the Elven Halls)
 59474 | Lair:1   | Identified the cursed +0 shield "Usosay" {MP+9 Str+2} (You took it off a deep elf annihilator on level 3 of the Elven Halls)
 59484 | Lair:1   | Identified the +4 plate armour of Midnight {rF+ Stlth+} (You took it off a deep elf high priest on level 3 of the Elven Halls)
 59486 | Lair:1   | Identified the cursed +0 plate armour of Qazlal's Scorn {rElec SInv} (You found it on level 3 of the Elven Halls)
 60351 | Vaults:5 | Received a gift from Trog
 61669 | Depths:1 | Entered Level 1 of the Depths
 61730 | Depths:1 | Reached skill level 26 in Shields
 61837 | Depths:1 | Found a one-way gate leading to the halls of Pandemonium.
 62056 | Depths:1 | Found Sir Gehu's Gadget Emporium.
 62059 | Depths:1 | Found Wuvoosk's Book Shop.
 62537 | Depths:1 | Received a gift from Trog
 62571 | Depths:1 | Found Qumenoj's Assorted Antiques.
 62829 | Depths:1 | Found a gateway to Hell.
 63100 | Depths:2 | Found Xale's Weapon Boutique.
 63188 | Depths:2 | Noticed the Enchantress
 63228 | Depths:2 | HP: 6/209 [something (8)]
 63228 | Depths:2 | HP: 2/209 [something (4)]
 63233 | Depths:1 | Mangled by a spriggan defender

Skill      XL: |  1  2  3  4  5  6  7  8  9 10 11 12 13 14 15 16 17 18 19 20 21 22 23 |
---------------+----------------------------------------------------------------------+-----
Shields        | 4 5 6 7 9 10 12 13 14 16 19 21 22 23 24 25 26 | 26.2
Axes           | 3 5 7 8 11 13 14 16 17 18 19 20 21 22 23 24 25 | 25.2
Armour         | 4 5 6 7 9 10 11 12 13 14 15 16 17 18 | 18.4
Fighting       | 4 5 6 7 8 9 10 11 12 13 14 15 16 17 18 | 18.3
Dodging        | 1 3 5 6 7 8 9 10 11 12 13 14 | 14.9
Slings         | 1 |  1.2
Evocations     | 2 4 5 7 8 9 10 11 12 13 | 13.1
Long Blades    | 1 2 3 |  3.0
Stealth        | 1 2 |  2.2
Throwing       | |  0.4

Action                   |  1- 3 |  4- 6 |  7- 9 | 10-12 | 13-15 | 16-18 | 19-21 | 22-24 || total
-------------------------+-------+-------+-------+-------+-------+-------+-------+-------++-------
Melee: War axe           |   108 |    66 |   420 |   857 |  1239 |       |       |       ||  2690
       Headbutt          |    16 |     8 |    96 |   192 |   406 |   401 |   490 |   298 ||  1907
       Scimitar          |       |       |       |     5 |    14 |       |       |       ||    19
       Broad axe         |       |       |       |       |   360 |  1288 |  1533 |  1052 ||  4233
       Demon whip        |       |       |       |       |       |       |     2 |       ||     2
 Fire: Hunting sling     |       |       |     8 |     6 |       |       |       |       ||    14
Throw: Javelin           |       |       |       |       |       |       |       |     2 ||     2
Invok: Burn Spellbooks   |       |       |     1 |     1 |     4 |     2 |     7 |     4 ||    19
       Berserk           |       |       |       |     4 |     3 |     2 |     3 |       ||    12
       Trog's Hand       |       |       |       |     1 |     1 |     2 |     1 |       ||     5
       Brothers in Arms  |       |       |       |       |       |     1 |       |     2 ||     3
Evoke: Rod               |       |       |       |       |     1 |     2 |     3 |     1 ||     7
       Phial of floods   |       |       |       |       |       |     1 |       |       ||     1
       Wand              |       |       |       |       |       |       |     3 |     1 ||     4
       Fan of gales      |       |       |       |       |       |       |       |     1 ||     1
  Use: Potion            |     1 |       |     1 |     3 |     1 |     3 |     2 |     7 ||    18
       Scroll            |       |     5 |     6 |    15 |    14 |    10 |    10 |    10 ||    70
 Stab: Invisible         |       |       |       |       |       |     2 |       |       ||     2
       Distracted        |       |       |       |       |       |       |     2 |     3 ||     5
       Petrified         |       |       |       |       |       |       |     2 |       ||     2
  Eat: Chunk             |     2 |     4 |    14 |    24 |    42 |    30 |    46 |    34 ||   196
       Pizza             |       |       |     1 |     1 |     1 |       |     1 |       ||     4
       Fruit             |       |       |       |     1 |     5 |    12 |     6 |     3 ||    27
       Beef jerky        |       |       |       |     1 |     1 |       |       |       ||     2
Armor: Chain mail        |    55 |    35 |    17 |       |       |       |       |       ||   107
       Scale mail        |     2 |       |       |       |       |       |       |       ||     2
       Plate armour      |       |       |    90 |   292 |   265 |   176 |   247 |   234 ||  1304
Dodge: Dodged            |    15 |    21 |   115 |   280 |   575 |   401 |   476 |   400 ||  2283
Block: Shield            |    60 |    33 |   184 |   445 |   931 |   936 |  1135 |  1030 ||  4754
       Rpst.: Scimitar   |       |       |       |     1 |     4 |       |       |       ||     5
